[Event "Open Ille et Vilaine 2017"]
[Site "Rennes"]
[Date "2017.07.10"]
[Round "4.3"]
[White "Bourgois, Bastien"]
[Black "Wilschut, Peter"]
[Result "0-1"]
[ECO "D15"]
[WhiteElo "2068"]
[BlackElo "2259"]
[Annotator "Doe,John"]
[PlyCount "90"]
[EventDate "2017.??.??"]
[TimeControl "6000+1270"]
[WhiteClock "0:26:54"]
[BlackClock "0:33:02"]

1. d4 d5 2. c4 c6 3. Nc3 Nf6 4. Nf3 a6 5. Ne5 g6 6. Bf4 Bg7 7. h3 O-O 8. e3 Be6
9. Qb3 b5 10. cxb5 axb5 11. Be2 Ne4 12. Qc2 Qa5 13. Nd3 Bf5 14. a4 Nxc3 15.
Qxc3 Qxc3+ 16. bxc3 Bxd3 17. Bxd3 bxa4 18. Ra3 Nd7 19. Kd2 Ra7 20. Rb1 Rfa8 21.
e4 Bf8 22. Ra2 e6 23. Kc2 a3 24. f3 c5 25. exd5 exd5 26. Rb5 c4 27. Bf1 Ra5 28.
Rb7 R8a7 29. Rb1 Be7 30. g4 f6 31. h4 Kf7 32. Bh3 R5a6 33. Rb5 Rb6 34. Rxb6
Nxb6 35. Bc1 Bd6 36. f4 Ke6 37. f5+ gxf5 38. gxf5+ Kd7 39. Kb1 Kc6 40. Re2 Na4
41. Re3 Rb7+ 42. Ka1 Rb3 43. Bd2 Rb2 44. Bc1 Rc2 45. Kb1 Rxc1+ 0-1

[Event "Open Ille et Vilaine 2017"]
[Site "Rennes"]
[Date "2017.07.10"]
[Round "4.4"]
[White "Damen, Igor"]
[Black "Sauvaget, Franck"]
[Result "1/2-1/2"]
[ECO "C99"]
[WhiteElo "1997"]
[BlackElo "2065"]
[Annotator "Doe,John"]
[PlyCount "111"]
[EventDate "2017.??.??"]
[TimeControl "6000+1465"]
[WhiteClock "0:24:47"]
[BlackClock "0:23:51"]

1. e4 e5 2. Nf3 Nc6 3. Bb5 a6 4. Ba4 Nf6 5. O-O Be7 6. Re1 b5 7. Bb3 d6 8. c3
O-O 9. h3 Na5 10. Bc2 c5 11. d4 Qc7 12. Nbd2 cxd4 13. cxd4 Nc6 14. d5 Nb4 15.
Bb1 a5 16. Nf1 Bd7 17. Bd2 Rfc8 18. Ne3 Na6 19. g4 Nc5 20. Nf1 Na4 21. Bc1 b4
22. Ng3 g6 23. g5 Ne8 24. Kg2 Ng7 25. Rh1 Rab8 26. Bd3 Nc5 27. Be3 Qd8 28. Rc1
Na4 29. Qd2 Rxc1 30. Rxc1 Rc8 31. Be2 Rxc1 32. Qxc1 Qb8 33. Nd2 Ne8 34. Bd1 Bd8
35. Nc4 Qc8 36. Bxa4 Bxa4 37. f3 Bb5 38. b3 Ba6 39. Nb2 Qxc1 40. Bxc1 Bb6 41.
Nf1 Bd4 42. Ne3 Bxb2 43. Bxb2 Nc7 44. a3 Kf8 45. axb4 axb4 46. Nc2 Be2 47. Nxb4
Bd1 48. Nc6 Bxb3 49. Bxe5 dxe5 50. d6 Ne6 51. d7 Ba4 52. d8=Q+ Nxd8 53. Nxd8
Ke7 54. Nb7 Bb5 55. Nc5 Bc4 56. Na4 1/2-1/2